 Dungeon Crawl Stone Soup version 0.29-a0-418-gc0181ea820 (console) character file.

Game seed: 7784104813799547047

8742 jejorda2 the Impaler (level 11, -5/81 HPs)
             Began as a Merfolk Fighter on May 17, 2022.
             Was a Priest of Nemelex Xobeh.
             Slain by a five-headed hydra (7 damage)
             ... on level 1 of the Lair of Beasts.
             The game lasted 00:24:01 (10283 turns).

jejorda2 the Impaler (Merfolk Fighter)             Turns: 10283, Time: 00:24:02

Health: -5/81      AC: 14    Str: 22    XL:     11   Next: 35%
Magic:  16/16      EV:  9    Int:  7    God:    Nemelex Xobeh [***...]
Gold:   663        SH:  5    Dex: 13    Spells: 10/10 levels left

rFire   + . .      SeeInvis +   b - +0 trident
rCold   . . .      Faith    .   (no shield)
rNeg    . . .      Spirit   .   s - +1 chain mail {Will+}
rPois   .          Reflect  +   (no helmet)
rElec   .          Harm     .   m - +0 cloak
rCorr   .          Rampage  .   B - +1 pair of gloves
Will    +....                   (no boots)
Stlth   ..........              u - amulet of reflection
HPRegen 0.23/turn               p - ring of see invisible
MPRegen 0.15/turn               o - ring of protection from fire

@: lethally poisoned (-5 -> -7)
A: (nimble swimmer 2), mertail
a: Renounce Religion, Draw Escape, Draw Destruction, Draw Summoning, Triple Draw


You were on level 1 of the Lair of Beasts.
You worshipped Nemelex Xobeh.
Nemelex Xobeh was most pleased with you.
You visited 3 branches of the dungeon, and saw 12 of its levels.

You collected 663 gold pieces.

Inventory:

Hand Weapons
 a - a +1 spectral halberd
 b - a +0 trident (weapon)
 i - the +8 trident of Reason {distort, rElec rF- Str+4 SInv}
   (You found it on level 5 of the Dungeon)

   It warps and distorts space around it, and may blink, banish, or inflict
   extra damage upon those it strikes.
   Unwielding it can cause banishment or high damage.
   Str:       It affects your strength (+4).
   rF:        It makes you vulnerable to fire.
   rElec:     It insulates you from electricity.
   SInv:      It lets you see invisible.
 j - a +0 glaive
Missiles
 k - 324 stones (quivered)
 y - 9 poisoned darts
 z - 11 boomerangs
 M - a throwing net
Armour
 g - a +0 plate armour
 m - a +0 cloak (worn)
 s - a +1 chain mail of willpower (worn)
 B - a +1 pair of gloves (worn)
Jewellery
 c - a ring of flight
 o - a ring of protection from fire (right hand)
 p - a ring of see invisible (left hand)
 u - an amulet of reflection (around neck)
 H - a ring of willpower
Wands
 e - a wand of flame (15)
 t - a wand of digging (6)
 D - a wand of paralysis (8)
 G - a wand of iceblast (8)
 I - a wand of polymorph (7)
 N - a wand of acid (4)
Scrolls
 f - a scroll of poison
 v - 3 scrolls of blinking
 A - 2 scrolls of teleportation
 E - a scroll of amnesia
 F - 2 scrolls of magic mapping
 K - 2 scrolls of enchant weapon
 L - a scroll of fog
Potions
 d - a potion of resistance
 h - a potion of flight
 l - 2 potions of might
 n - 2 potions of attraction
 q - 6 potions of curing
 r - 3 potions of heal wounds
 w - a potion of haste
 x - a potion of lignification
 C - 3 potions of brilliance
 O - a potion of mutation {unknown}
Miscellaneous
 J - a tin of tremorstones (2/2)


   Skills:
 - Level 6.0 Fighting
 * Level 16.5 Polearms
 - Level 6.0 Armour
 + Level 4.1 Dodging
 - Level 3.0 Shields
 - Level 7.0 Invocations
 + Level 3.1 Evocations


You had 10 spell levels left.
You didn't know any spells.
Your spell library contained the following spells:

 Spells                   Type           Power      Damage    Failure   Level
 Animate Skeleton         Necr           0%         N/A       98%         1
 Apportation              Tloc           0%         N/A       98%         1
 Freeze                   Ice            0%         1d3       98%         1
 Sandblast                Erth           0%         2d4       98%         1
 Summon Small Mammal      Summ           0%         N/A       98%         1
 Passwall                 Tmut/Erth      0%         N/A       99%         2
 Static Discharge         Conj/Air       0%         N/A       99%         2
 Frozen Ramparts          Ice            0%         1d2       100%        3
 Ozocubu's Armour         Ice            0%         N/A       100%        3
 Stone Arrow              Conj/Erth      0%         3d7       100%        3
 Airstrike                Air            0%         N/A       100%        4
 Dispel Undead            Necr           0%         3d6       100%        4
 Fulminant Prism          Conj/Hex       0%         3d6       100%        4
 Hailstorm                Conj/Ice       0%         3d3       100%        4
 Iskenderun's Mystic Bla  Conj/Tloc      0%         2d3       100%        4
 Sticky Flame             Conj/Fire      0%         2d3       100%        4
 Summon Lightning Spire   Summ/Air       0%         N/A       100%        4
 Lee's Rapid Deconstruct  Erth           0%         3d5*      100%        5
 Lightning Bolt           Conj/Air       0%         1d11      100%        5
 Ozocubu's Refrigeration  Ice            0%         4d5       100%        7


Dungeon Overview and Level Annotations

Branches:
Dungeon (10/15)            Temple (1/1) D:5            Lair (1/6) D:9
    Orc (0/2) D:10

Altars:
Ashenzari
Cheibriados
Dithmenos
Elyvilon
Fedhas
Gozag
Hepliaklqana
Makhleb
Nemelex Xobeh
Okawaru
Qazlal
Sif Muna
Trog
Uskayaw
Vehumet
Wu Jian
Xom
Yredelemnul
Zin

Shops:
D:7 *


Innate Abilities, Weirdness & Mutations

((You are very nimble when in or above water. (Stealth+, EV+, Speed+++)))
Your lower body shifts to a powerful aquatic tail in water.


Message History

Press: ? - help, Shift-Dir - straight line, f/p - five-headed hydra
Aim: a five-headed hydra (moderately wounded)
Your orb of destruction hits a rock wall. x4
You feel sick.
The five-headed hydra bites you but does no damage. x2
The five-headed hydra bites you! The five-headed hydra bites you.
The five-headed hydra bites you but does no damage.
Your orb of destruction hits a rock wall.
You draw a card...
You have drawn the Storm.
A fierce wind blows from the card.
You hear mighty peals of thunder!
You feel sick.
You hear an angry hiss.
You hear a howl!
The five-headed hydra bites you! The five-headed hydra bites you.
The five-headed hydra bites you but does no damage.
The five-headed hydra bites you!
* * * LOW HITPOINT WARNING * * *
The five-headed hydra bites you but does no damage.
You draw a card...
You have drawn the Storm.
A fierce wind blows from the card.
The five-headed hydra is blown away by the wind.
You hear mighty peals of thunder!
You feel sick.
Unknown command.
You draw a card...
You have drawn Vitriol.
Press: ? - help, Shift-Dir - straight line, f/p - five-headed hydra
Aim: a five-headed hydra (lightly wounded)
The glob of acid hits the five-headed hydra!!!
The acid corrodes the five-headed hydra!
The five-headed hydra is almost dead.
You feel sick.
You hit the five-headed hydra.
The five-headed hydra is almost dead.
The five-headed hydra bites you!
* * * LOW HITPOINT WARNING * * *
The five-headed hydra closely misses you.
The five-headed hydra bites you.
* * * LOW HITPOINT WARNING * * *
The five-headed hydra bites you.
* * * LOW HITPOINT WARNING * * *
The five-headed hydra bites you!
You die...
Your body glows with a rainbow of weird colours and disappears.

### ### ###
####.###.###P######
..................#
.##..............##
###....##.######.#
##.....#### #..#
..+.....# ##.#
.##.....+ #@#
###....## ##D##
#..... +...#
###.....# ##.## ...
##.######.# ...
...D......# ...
..........# ...
...?.......# ...
..........##


You could see a five-headed hydra (corroded).

Vanquished Creatures
  An unseen horror (D:5)
  A komodo dragon (D:10)
  A troll (D:10)
  Sigmund (D:6)
  A shadow (D:10)
  Eustachio (D:4)
  A wyvern (D:6)
  10 yaks
  A steam dragon (D:10)
  2 vampire mosquitoes (D:10)
  Menkaure (D:5)
  Edmund (D:4)
  3 wargs (D:9)
  5 water moccasins
  3 acid dragons
  4 sky beasts
  2 orc warriors (D:6)
  2 black bears (D:5)
  2 ice beasts
  An ogre (D:5)
  5 centaurs
  2 phantoms (D:10)
  A kobold brigand (D:9)
  5 bullfrogs
  2 gnoll sergeants
  A necrophage (D:7)
  12 wights
  2 scorpions
  5 killer bees (D:9)
  2 howler monkeys
  3 jellies
  A gnoll shaman (D:9)
  3 hounds
  4 orc priests
  4 iguanas
  5 orc wizards
  6 ogre zombies (D:10)
  15 gnolls
  8 adders
  A shadow imp (D:7)
  2 ufetubi
  2 worms
  4 dart slugs
  27 orcs
  2 ball pythons
  7 bats
  9 endoplasms
  4 giant cockroaches
  6 goblins
  7 hobgoblins
  4 jackals (D:4)
  3 quokkas
  A frilled lizard (D:3)
  A goblin zombie (D:10)
  2 hobgoblin skeletons (D:10)
  A hobgoblin zombie (D:10)
  16 kobolds
  3 orc skeletons (D:10)
  11 orc zombies (D:10)
  4 rats
  A bush (D:6)
248 creatures vanquished.

Vanquished Creatures (others)
  A plant (D:9)
1 creature vanquished.

Grand Total: 249 creatures vanquished

Notes
Turn   | Place    | Note
-------+----------+-------------------------------------------
     0 | D:1      | jejorda2 the Merfolk Fighter began the quest for the Orb.
     0 | D:1      | Reached XP level 1. HP: 18/18 MP: 1/1
   112 | D:1      | Reached skill level 3 in Polearms
   127 | D:1      | Reached XP level 2. HP: 18/24 MP: 2/2
   619 | D:1      | Reached XP level 3. HP: 29/29 MP: 3/3
  1076 | D:2      | Reached skill level 4 in Polearms
  1471 | D:2      | Reached XP level 4. HP: 20/37 MP: 4/4
  2200 | D:3      | Reached skill level 5 in Polearms
  2208 | D:3      | Reached XP level 5. HP: 42/42 MP: 5/5
  2839 | D:4      | Noticed Edmund
  2858 | D:4      | Killed Edmund
  2859 | D:4      | Reached skill level 6 in Polearms
  2859 | D:4      | Reached XP level 6. HP: 13/49 MP: 6/6
  3287 | D:4      | Noticed a water moccasin
  3294 | D:4      | Noticed Eustachio
  3299 | D:4      | Killed a water moccasin
  3300 | D:4      | Reached skill level 5 in Fighting
  3300 | D:4      | Reached skill level 7 in Polearms
  3300 | D:4      | Reached XP level 7. HP: 48/56 MP: 7/7
  3313 | D:4      | Killed Eustachio
  3656 | D:5      | Entered Level 5 of the Dungeon
  3856 | D:5      | Found a staircase to the Ecumenical Temple.
  3866 | Temple   | Entered the Ecumenical Temple
  3909 | Temple   | Became a worshipper of Nemelex Xobeh the Trickster
  3976 | D:5      | Reached skill level 8 in Polearms
  3977 | D:5      | Noticed Menkaure
  3982 | D:5      | Killed Menkaure
  3983 | D:5      | Reached skill level 1 in Invocations
  4144 | D:5      | Found a basalt altar of Yredelemnul.
  4192 | D:5      | Reached XP level 8. HP: 64/64 MP: 7/9
  4389 | D:5      | Reached skill level 9 in Polearms
  4575 | D:5      | Noticed an unseen horror
  4580 | D:5      | Killed an unseen horror
  4582 | D:5      | Identified the +8 trident of Reason {distort, rElec rF-
                  | Str+4 SInv}
  4984 | D:6      | Reached skill level 10 in Polearms
  5160 | D:6      | Reached * piety under Nemelex Xobeh
  5162 | D:6      | Reached XP level 9. HP: 69/69 MP: 11/11
  5180 | D:6      | Reached skill level 11 in Polearms
  5431 | D:6      | Noticed Sigmund
  5436 | D:6      | Killed Sigmund
  5439 | D:6      | Reached skill level 5 in Armour
  5548 | D:6      | Received a gift from Nemelex Xobeh
  5756 | D:6      | Reached skill level 5 in Invocations
  6259 | D:7      | Reached skill level 12 in Polearms
  6556 | D:7      | Found Miunaatu's Neck Hole.
  6912 | D:7      | Reached ** piety under Nemelex Xobeh
  6936 | D:7      | Reached XP level 10. HP: 76/76 MP: 14/14
  7010 | D:7      | Reached skill level 13 in Polearms
  8651 | D:9      | Reached skill level 14 in Polearms
  8707 | D:9      | Found a staircase to the Lair.
  8847 | D:9      | Reached skill level 15 in Polearms
  8887 | D:9      | Received a gift from Nemelex Xobeh
  9203 | D:10     | Entered Level 10 of the Dungeon
  9203 | D:10     | Reached *** piety under Nemelex Xobeh
  9227 | D:10     | Reached skill level 1 in Dodging
  9231 | D:10     | Reached skill level 1 in Evocations
  9231 | D:10     | Reached XP level 11. HP: 61/81 MP: 16/16
  9414 | D:10     | Reached skill level 16 in Polearms
  9739 | D:10     | Found a staircase to the Orcish Mines.
 10156 | Lair:1   | Entered Level 1 of the Lair of Beasts
 10264 | Lair:1   | Noticed a five-headed hydra
 10283 | Lair:1   | HP: 2/81 [five-headed hydra (5)]
 10283 | Lair:1   | Slain by a five-headed hydra

Illustrated notes

Levels and vault maps discovered:
D:1:      dpeg_arrival_tiny_k, layout_basic
D:2:      layout_rooms
D:3:      layout_basic
D:4:      layout_basic, uniq_eustachio, uniq_edmund
D:5:      layout_cave_pods, lemuel_tele_altar, minmay_temple_entry_junction,
          uniq_menkaure
D:6:      layout_loops_cross, dk_noncrumbling_2, minmay_hedge_maze,
          minmay_checkerbox, uniq_sigmund
D:7:      layout_layer_cave, nicolae_shop_sticking_my_neck_out
D:8:      layout_loops_ring
D:9:      layout_small_grid, erik_lair_orcish_takeover
D:10:     layout_cave_pools, zombieorc1_lemuel
Temple:   grunt_wide_crystal_templ
Lair:1:   beast_lair_carwin_large_1, layout_regular_city,
          infiniplex_staircase_pool_2

Skill      XL: |  1  2  3  4  5  6  7  8  9 10 11 |
---------------+----------------------------------+-----
Polearms       | 3 4 5 6 7 8 10 12 15 16 | 16.5
Fighting       | 4 5 6 |  6.0
Armour         | 3 4 5 6 |  6.0
Invocations    | 1 3 5 7 |  7.0
Dodging        | 1 4 |  4.1
Evocations     | 1 3 |  3.1
Shields        | |  3.0

Action                   |  1- 3 |  4- 6 |  7- 9 | 10-12 || total
-------------------------+-------+-------+-------+-------++-------
Melee: Trident           |   126 |   154 |    20 |     5 ||   305
       Halberd           |       |       |    98 |   194 ||   292
Throw: Stone             |       |    15 |       |     2 ||    17
Invok: Draw Destruction  |       |       |       |     6 ||     6
  Use: Potion            |       |     2 |       |       ||     2
       Scroll            |       |       |    15 |     8 ||    23
Armor: Plate armour      |    60 |    67 |    25 |       ||   152
       Scale mail        |     1 |       |       |       ||     1
       Chain mail        |       |       |     3 |    45 ||    48
Dodge: Dodged            |    20 |    20 |    19 |    49 ||   108
Block: Buckler           |    17 |    41 |    12 |       ||    70
       Reflection        |       |     7 |     1 |     3 ||    11
       Other             |       |       |    10 |    20 ||    30

Table legend: (Time is in decaauts)
 A = Elapsed time spent in this place.
 B = Non-inter-level travel time spent in this place.
 C = Inter-level travel time spent in this place.
 D = Time resting spent in this place.
 E = Time spent auto-exploring this place.
 F = Levels seen in this place.
 G = Mean time per level.
                   A        B        C        D        E       F      G
               +--------+--------+--------+--------+--------+-----+--------+
         Total |  10259 |   9534 |    725 |    267 |   7772 |  12 |  854.9 |
       Dungeon |  10084 |   9369 |    715 |    267 |   7650 |  10 | 1008.4 |
        Temple |     52 |     43 |      9 |      0 |     26 |   1 |   52.0 |
          Lair |    122 |    122 |      0 |      0 |     96 |   1 |  122.0 |
               +--------+--------+--------+--------+--------+-----+--------+

Top non-repeatable levels by time:
     D:7: 1339 daAuts
     D:4: 1237 daAuts
     D:5: 1099 daAuts
     D:8: 1071 daAuts
     D:1: 1052 daAuts
     D:6: 1035 daAuts
    D:10: 916 daAuts
     D:2: 869 daAuts
     D:9: 763 daAuts
     D:3: 699 daAuts
  Lair:1: 122 daAuts
  Temple: 52 daAuts
